 Dungeon Crawl Stone Soup version 0.17.0-24-gcfadda4 (webtiles) character file.

331 inmateoo the Poker (level 6, 0/47 HPs)
             Began as a Merfolk Wanderer on Nov 15, 2015.
             Slain by Crazy Yiuf
             ... wielding a +3 quarterstaff of chaos
              (3 damage)
             ... on level 3 of the Dungeon.
             The game lasted 00:07:23 (3819 turns).

inmateoo the Poker (Merfolk Wanderer)               Turns: 3819, Time: 00:07:23

Health: 0/47       AC:  4    Str: 10    XL:     6   Next: 52%
Magic:  9/9        EV: 14    Int: 11    God:
Gold:   124        SH:  0    Dex: 18    Spells: 2 memorised, 6 levels left

rFire  . . .     SeeInvis .     h - +3 whip
rCold  . . .     Clarity  .     s - +2 robe
rNeg   . . .     SustAt   .     (no shield)
rPois  .         Gourm    .     (no helmet)
rElec  .         Spirit   .     (no cloak)
rCorr  .         Warding  .     (no gloves)
rMut   .         Stasis   .     (no boots)
MR     .....                    (no amulet)
Stlth  ++........               (no ring)
                                (no ring)

@: drained, not resistant to hostile enchantments, unstealthy
A: change form in water, swift swim
a: no special abilities


You were on level 3 of the Dungeon.
You were not hungry.

You visited 1 branch of the dungeon, and saw 3 of its levels.

You collected 124 gold pieces.

Inventory:

Hand Weapons
 h - a +3 whip (weapon)
 k - a +0 spear
 l - a +0 spear
 n - a cursed -1 quarterstaff
 r - a +0 short sword of venom
Missiles
 g - 12 poisoned needles
 j - 78 stones (quivered)
Armour
 s - a +2 robe (worn)
Wands
 p - a wand of magic darts (11)
Scrolls
 b - 2 scrolls of teleportation
 d - 2 scrolls of remove curse
 q - a scroll of amnesia
Potions
 m - a potion of resistance
Books
 a - a book of Geomancy

   Spells                             Type                      Level
   a - Sandblast                      Earth                        1
   b - Stoneskin                      Transmutation/Earth          2
   c - Passwall                       Transmutation/Earth          3
   d - Stone Arrow                    Conjuration/Earth            3
   e - Petrify                        Transmutation/Earth          4
   f - Lee's Rapid Deconstruction     Earth                        5
Comestibles
 f - 3 bread rations
 i - a meat ration
 o - 4 fruits


   Skills:
 + Level 3.2(2.2) Fighting
   Level 1.1(0.1) Long Blades
 * Level 4.8(3.7) Polearms
 - Level 2.0(1.0) Throwing
 + Level 4.4(3.3) Dodging
 + Level 2.0(1.0) Spellcasting
   Level 3.0(1.9) Hexes
 + Level 1.7(0.7) Earth Magic


You had 6 spell levels left.
You knew the following spells:

 Your Spells              Type           Power        Failure   Level  Hunger
a - Sandblast             Erth           #.....       24%         1    ##.....
b - Stoneskin             Trmt/Erth      #.......     43%         2    ###....


Dungeon Overview and Level Annotations

Branches:
Dungeon (3/15)

Altars:
Qazlal
Trog
Vehumet

Annotations:
D:3 exclusion: moth of wrath, Crazy Yiuf


Message History

You feel drained.
You closely miss Crazy Yiuf.
Crazy Yiuf is severely wounded.
Crazy Yiuf hits you with a quarterstaff of chaos!
Crazy Yiuf burns you.
You hit Crazy Yiuf but do no damage.
Crazy Yiuf is severely wounded.
Crazy Yiuf hits you with a quarterstaff of chaos!
* * * LOW HITPOINT WARNING * * *
You feel drained.
* * * LOW HITPOINT WARNING * * *
You are too injured to fight recklessly!
Drink which item? (? for menu, Esc to quit)
Okay, then.
You closely miss Crazy Yiuf.
Crazy Yiuf is severely wounded.
Crazy Yiuf hits you with a quarterstaff of chaos.
* * * LOW HITPOINT WARNING * * *
Crazy Yiuf burns you.
You die...

#..............)
#....###########
###....†..........
#....(.###########
#.###### #.# #.#
#.# #@# #g# #.#
#.# #.###♣♣♣♣♣
#.#....♣.♣♣♣
#.....g.♣..♣
#......♣♣♣♣.....#
##....♣♣ #..)#


You could see Crazy Yiuf.

Vanquished Creatures
  The ghost of BLOAX the Ducker, an amateur DEMo of Cheibriados (D:3)
  An orc priest (D:3)
  A hound (D:3)
  Ijyb (D:2)
  Jessica (D:3)
  6 adders
  An ooze (D:1)
  4 worms (D:3)
  2 giant geckos (D:2)
  6 orcs
  8 bats
  4 giant cockroaches
  5 goblins
  7 hobgoblins
  2 jackals (D:1)
  12 kobolds
  A quokka (D:3)
  6 giant newts
  6 rats
75 creatures vanquished.

Notes
Turn   | Place    | Note
--------------------------------------------------------------
     0 | D:1      | inmateoo the Merfolk Wanderer began the quest for the Orb.
     0 | D:1      | inmateoo set off with: a book of Geomancy, a scroll of teleportation, a potion of lignification, a +0 robe, a +0 dagger, a bread ration
     0 | D:1      | Reached XP level 1. HP: 15/15 MP: 2/2
   280 | D:1      | Reached XP level 2. HP: 12/22 MP: 3/3
   511 | D:1      | Learned a level 1 spell: Sandblast
  1031 | D:1      | Reached skill level 1 in Polearms
  1031 | D:1      | Reached XP level 3. HP: 22/27 MP: 4/4
  1182 | D:1      | Learned a level 2 spell: Stoneskin
  1477 | D:2      | Noticed Ijyb
  1497 | D:2      | Killed Ijyb
  1497 | D:2      | Reached XP level 4. HP: 27/34 MP: 5/5
  2185 | D:3      | Found a stormy altar of Qazlal.
  2185 | D:3      | Found a radiant altar of Vehumet.
  2230 | D:3      | Reached XP level 5. HP: 35/39 MP: 7/7
  2242 | D:3      | Noticed BLOAX's ghost (amateur DEMo)
  2263 | D:3      | Killed BLOAX's ghost
  2263 | D:3      | Reached skill level 4 in Polearms
  2362 | D:3      | Noticed Jessica
  2370 | D:3      | Killed Jessica
  2729 | D:3      | Noticed a moth of wrath
  2874 | D:3      | Reached XP level 6. HP: 35/47 MP: 8/8
  2954 | D:3      | Found a bloodstained altar of Trog.
  3797 | D:3      | Noticed Crazy Yiuf
  3819 | D:3      | Slain by Crazy Yiuf

Action                   |  1- 3 |  4- 6 || total
-------------------------+-------+-------++-------
Melee: Dagger            |    70 |       ||    70
       Whip              |    52 |   217 ||   269
 Cast: Sandblast         |     4 |       ||     4
Evoke: Wand              |       |     5 ||     5
  Use: Scroll            |     2 |     6 ||     8
       Potion            |       |     3 ||     3
 Stab: Sleeping          |     1 |     1 ||     2
       Distracted        |       |     1 ||     1
  Eat: Chunk             |     2 |     8 ||    10
